 Dungeon Crawl Stone Soup version 0.20-a0-967-g62cfa5d (webtiles) character file.

166294 kuniqs the Warrior (level 17, -7/158 HPs)
             Began as a Purple Draconian Fighter on Apr 7, 2017.
             Was the Champion of Okawaru.
             Mangled by a salamander
             ... wielding a +3 trident of venom
              (17 damage)
             ... on level 4 of the Snake Pit on Apr 8, 2017.
             The game lasted 00:59:49 (32100 turns).

kuniqs the Warrior (Purple Draconian Fighter)      Turns: 32100, Time: 00:59:50

Health: -7/158     AC: 23    Str: 21    XL:     17   Next: 29%
Magic:  25/25      EV: 26    Int: 16    God:    Okawaru [******]
Gold:   476        SH: 17    Dex: 24    Spells: 10/16 levels left

rFire    . . .     SeeInvis .   Q - +9 eveningstar (protect)
rCold    . . .     Gourm    .   S - +2 shield
rNeg     . . .     Faith    +   (armour unavailable)
rPois    +         Spirit   .   s - +2 hat of Biosuo {Dex+4}
rElec    .         Reflect  .   r - +0 cloak
rCorr    .         Harm     .   U - +0 pair of gloves of Nem Saur {rPois Int+4 Dex+4}
MR       +++..                  (no boots)
Stlth    +++.......             L - amulet of faith
Regen    0.4/turn               O - ring "Wuty" {AC+3 Int+4 Stlth+}
MPRegen  0.2/turn               h - +5 ring of slaying

@: lethally poisoned (-7 -> -7), protection aura, studying Axes
A: breathe power, unfitting armour, magic resistance 1, cold-blooded, AC +9
a: Breathe Dispelling Energy, Heroism, Finesse, Renounce Religion


You were on level 4 of the Snake Pit.
You worshipped Okawaru.
Okawaru was exalted by your worship.
You were not hungry.

You visited 5 branches of the dungeon, and saw 28 of its levels.
You also visited: Labyrinth and Ossuary.

You collected 1743 gold pieces.
You spent 1267 gold pieces at shops.

Inventory:

Hand Weapons
 Q - a +9 eveningstar of protection (weapon)
Missiles
 v - 24 tomahawks (quivered)
Armour
 i - a +0 large shield of reflection
 r - a +0 cloak (worn)
 s - the +2 hat of Biosuo (worn) {Dex+4}
   (Okawaru gifted it to you on level 2 of the Snake Pit)

   It affects your dexterity (+4).
 M - a +2 pair of gloves of dexterity
 S - a +2 shield (worn)
 U - the +0 pair of gloves of Nem Saur (worn) {rPois Int+4 Dex+4}
   (Okawaru gifted it to you on level 14 of the Dungeon)

   It affects your intelligence (+4).
   It affects your dexterity (+4).
   It protects you from poison.
Jewellery
 h - a +5 ring of slaying (right hand)
 y - an uncursed ring of protection from fire
 C - an uncursed ring of protection from magic
 J - an uncursed ring of resist corrosion
 L - an amulet of faith (around neck)
 O - the ring "Wuty" (left hand) {AC+3 Int+4 Stlth+}
   (You found it on level 3 of the Snake Pit)

   [ring of protection]

   It affects your AC (+3).
   It affects your intelligence (+4).
   It makes you more stealthy.
Wands
 a - a wand of digging (5/24)
 n - a wand of iceblast (11/15)
 N - a wand of acid (6/15)
 T - a wand of polymorph (7/24)
Scrolls
 m - 2 scrolls of immolation
 o - 4 scrolls of enchant armour
 x - 3 scrolls of teleportation
 z - 4 scrolls of recharging
 D - 2 scrolls of magic mapping
 E - 6 scrolls of remove curse {@r2}
 G - a scroll of blinking
 I - 9 scrolls of fear
 P - a scroll of summoning
 R - 2 scrolls of identify {@r1}
 V - a scroll of fog
 W - a scroll of acquirement {unknown}
Potions
 c - 8 potions of might
 g - 3 potions of heal wounds
 k - 3 potions of cancellation
 l - a potion of haste
 p - 3 potions of lignification
 q - 6 potions of brilliance
 t - 4 potions of invisibility
 u - 4 potions of magic
 w - 12 potions of curing {@q1}
 A - 5 potions of agility
 B - 5 potions of flight
 F - 4 potions of mutation
 H - 9 potions of berserk rage
 K - 2 potions of ambrosia
Books
 j - a manual of Axes
Comestibles
 d - 7 bread rations
 e - 11 meat rations
 f - 49 fruits


   Skills:
 + Level 15.8 Fighting
 + Level 14.7 Maces & Flails
 + Level 13.7 Dodging
 + Level 15.0 Shields
 + Level 3.9 Summonings
 + Level 5.1 Translocations
 - Level 11.0 Invocations


You had 10 spell levels left.
You knew the following spells:

 Your Spells              Type           Power        Failure   Level  Hunger
a - Blink                 Tloc           N/A          6%          2    ###....
b - Apportation           Tloc           ###...       3%          1    ##.....
c - Summon Butterflies    Summ           ##......     8%          1    ##.....
d - Swiftness             Chrm/Air       #.......     38%         2    ###....


Dungeon Overview and Level Annotations

Branches:
Dungeon (15/15)            Temple (1/1) D:7            Lair (6/6) D:8
 Shoals (0/4) Lair:2        Snake (4/4) Lair:2        Slime (0/5) Lair:6
    Orc (2/2) D:10            Elf (0/3) Orc:2        Vaults (0/5) D:14
 Depths (0/5) D:15

Altars:
Ashenzari
Cheibriados
Dithmenos
Elyvilon
Fedhas
Gozag
Hepliaklqana
Kikubaaqudgha
Makhleb
Nemelex Xobeh
Okawaru
Qazlal
Ru
Sif Muna
Trog
Uskayaw
Vehumet
Wu Jian
Xom
Yredelemnul
Zin
The Shining One

Shops:
D:8 (   D:12 :   Orc:2 }[%*   Snake:1 %[*   Snake:2 }

Annotations:
Lair:2 exclusion: 2 oklob plants
Lair:3 exclusion: 2 oklob plants
Snake:3 exclusion: Roxanne, Roxanne


Innate Abilities, Weirdness & Mutations

You can breathe bolts of dispelling energy.
Your rich purple scales are hard. (AC +9)
You cannot fit into any form of body armour.
You are cold-blooded and may be slowed by cold attacks.
You are resistant to hostile enchantments. (MR+)


Message History

It stops flaming.
The salamander barely misses you.
The naga rages.
The naga mage spits poison at you. The splash of poison hits you! You resist.
The salamander completely misses you.
You sock the naga mage!
Your weapon exudes an aura of protection.
You tail-slap the naga mage. You block the shock serpent's attack.
The salamander hits you.
* * * LOW HITPOINT WARNING * * *
You are engulfed in flames!
* * * LOW HITPOINT WARNING * * *
The salamander mystic hits you with a quarterstaff.
* * * LOW HITPOINT WARNING * * *
You are engulfed in flames!!
* * * LOW HITPOINT WARNING * * *
You block the salamander's attack. You block the naga's attack.
The naga misses you.
The salamander hits you with a trident of venom!
You die...

##............##
##..#...........###
##..########.......##
##..####[.(..........#
#......([([..........##
##.....##((<......####.##
##......[[[).....(.#####.##
##..#..........NNN......#..#
#...#..#######.N@S.)[)....)#
#......###..####NN.#[......##
.........###.#..§.(##.......#
........##......))..##......#####
................)...######......#
....#.......S§N.(......#.##......
....#..[...).§)N(........######..
....#.....(....§.[.......#.......
..))..).....)......#.....##......


You could see a salamander mystic, 4 salamanders, a shock serpent, a guardian
serpent, a naga mage and 2 nagas.

Vanquished Creatures
  Agnes (D:15)
  Donald (Snake:3)
  The ghost of Klosterheim the Stormcaller, an adept DEWz of Sif Muna (Snake:4)
  4 nagarajas
  The ghost of Koga the Fencer, a journeyman FoFi of Okawaru (D:13)
  Nessos (D:13)
  Azrael (Snake:3)
  The ghost of Ratty the Archer, a journeyman MiBe of Trog (D:13)
  The ghost of pedritolo the Zephyrmancer, a journeyman DgAE (D:11)
  Josephine (Lair:4)
  A minotaur (Lab)
  A rakshasa (D:13)
  9 naga warriors
  A fire dragon (D:15)
  9 hydras
  The ghost of Lifeless the Cleaver, a journeyman DsBe of Trog (D:11)
  An ice dragon (D:13)
  8 anacondas
  4 centaur warriors
  3 catoblepae
  2 death knights (D:12)
  8 two-headed ogres
  The ghost of grippy the Cleaver, a novice DrBe of Trog (D:10)
  A deep troll shaman (Lair:6)
  2 ogre magi
  3 orc high priests (Orc:2)
  7 naga sharpshooters
  14 death yaks
  3 shock serpents
  2 unseen horrors
  6 naga ritualists
  A skeletal warrior (D:12)
  2 wizards (D:15)
  11 ugly things (D:14)
  8 orc knights
  4 orc sorcerers
  4 mana vipers
  6 cyclopes
  5 manticores
  23 elephants
  4 salamanders
  25 black mambas
  4 guardian serpents
  A gargoyle (D:14)
  A merfolk siren (Lair:2)
  18 naga magi
  2 kobold demonologists (D:15)
  8 komodo dragons
  3 rime drakes
  3 freezing wraiths
  2 efreet
  10 spiny frogs
  2 tengu conjurers (D:15)
  3 meliai (D:14)
  9 trolls
  5 polar bears
  2 hornets
  Prince Ribbit (D:7)
  Grinder (D:4)
  3 slime creatures (D:12)
  19 blink frogs
  11 hippogriffs
  11 dream sheep
  51 yaks
  2 redbacks (Lab)
  A wyvern (D:15)
  7 wraiths
  A shadow (D:12)
  6 basilisks
  3 fire elementals (Snake:3)
  A steam dragon (D:9)
  7 hungry ghosts
  35 nagas
  4 wargs
  16 water moccasins
  Duvessa (D:4)
  2 hell hounds (Snake:3)
  9 porcupines
  The ghost of herpmino the Slasher, an amateur VSGl (D:4)
  29 orc warriors
  A hornet zombie (D:15)
  6 sky beasts
  An ice beast (D:7)
  2 phantoms
  5 black bears
  11 ogres
  10 centaurs
  7 wolves
  8 necrophages
  14 crocodiles
  6 big kobolds
  An elf zombie (D:5)
  17 bullfrogs
  4 water moccasin zombies (Ossuary)
  Dowan (D:4)
  3 scorpions
  2 elf skeletons (D:5)
  A water moccasin skeleton (D:4)
  5 wights (D:11)
  21 killer bees
  2 electric eels (Lair:6)
  4 howler monkeys (D:11)
  19 crimson imps
  A bullfrog zombie (D:8)
  5 centaur zombies
  7 hounds
  2 quasits
  2 jellies
  12 orc priests
  10 centaur skeletons
  2 gnoll shamans
  28 orc wizards
  4 iguanas
  A human skeleton (D:5)
  A hell rat (D:8)
  9 worker ants
  A big kobold zombie (Ossuary)
  3 hound skeletons (D:4)
  2 mummies (Ossuary)
  20 gnolls
  20 adders
  A river rat (D:8)
  3 shadow imps
  An ooze (D:3)
  6 adder zombies
  2 adder skeletons (D:4)
  5 worms
  A dart slug (D:1)
  4 leopard geckos
  69 orcs
  2 ball pythons
  8 giant cockroaches
  6 gnoll zombies (Ossuary)
  6 goblins
  6 hobgoblins
  6 jackals (D:8)
  22 kobolds
  7 quokkas
  10 bats
  4 frilled lizards
  5 hobgoblin zombies (Ossuary)
  3 kobold zombies (Ossuary)
  A leopard gecko skeleton (D:8)
  An orc skeleton (D:5)
  5 orc zombies
  7 rats
960 creatures vanquished.

Vanquished Creatures (others)
  A polar bear (D:13)
  5 dream sheep (Lair:5)
  An orc priest (Orc:2)
  A bush (Lair:6)
  9 fungi
  3 plants
20 creatures vanquished.

Grand Total: 980 creatures vanquished

Notes
Turn   | Place    | Note
-------+----------+-------------------------------------------
     0 | D:1      | kuniqs the Draconian Fighter began the quest for the Orb.
     0 | D:1      | Reached XP level 1. HP: 19/19 MP: 1/1
   100 | D:1      | Reached XP level 2. HP: 26/26 MP: 2/2
   726 | D:1      | Reached XP level 3. HP: 33/33 MP: 3/3
  1457 | D:2      | You fall through a shaft!
  1528 | D:2      | Learned a level 2 spell: Blink
  1544 | D:2      | Reached XP level 4. HP: 36/40 MP: 4/4
  1982 | D:3      | Noticed a big kobold
  1983 | D:3      | Noticed a big kobold
  2032 | D:2      | Killed a big kobold
  2032 | D:2      | Reached XP level 5. HP: 46/47 MP: 5/5
  2633 | D:3      | Reached XP level 6. HP: 53/53 MP: 6/6
  2679 | D:2      | Found a glowing silver altar of Zin.
  3243 | D:3      | Found a basalt altar of Yredelemnul.
  3350 | D:4      | Reached skill level 5 in Fighting
  3571 | D:4      | Noticed Duvessa
  3572 | D:4      | Noticed Dowan
  3646 | D:4      | Killed Duvessa
  3646 | D:4      | Your scales start taking on a rich purple colour.
  3646 | D:4      | Reached XP level 7. HP: 45/61 MP: 7/7
  3660 | D:4      | Killed Dowan
  3660 | D:4      | Reached skill level 5 in Shields
  3840 | D:4      | Noticed herpmino's ghost (amateur VSGl)
  3853 | D:4      | Killed herpmino's ghost
  3859 | D:4      | Noticed Grinder
  3874 | D:4      | Killed Grinder
  3969 | D:4      | Reached skill level 5 in Maces & Flails
  4073 | D:4      | Reached XP level 8. HP: 66/70 MP: 8/8
  4223 | D:4      | Found a sparkling altar of Nemelex Xobeh.
  4240 | D:4      | Reached skill level 5 in Dodging
  4596 | D:5      | Entered Level 5 of the Dungeon
  4863 | D:5      | Found a sand-covered staircase.
  4868 | Ossuary  | Entered an ossuary
  5488 | D:5      | Reached XP level 9. HP: 65/79 MP: 9/9
  7074 | D:6      | Found a deep blue altar of Sif Muna.
  7308 | D:6      | Reached XP level 10. HP: 76/90 MP: 10/10
  7603 | D:7      | Noticed Prince Ribbit
  7613 | D:7      | Killed Prince Ribbit
  7939 | D:7      | Found a staircase to the Ecumenical Temple.
  7948 | Temple   | Entered the Ecumenical Temple
  8221 | D:8      | Noticed a death yak
  8223 | D:8      | Noticed a death yak
  8223 | D:8      | Found a staircase to the Lair.
  8225 | D:8      | Noticed a death yak
  8316 | D:7      | Killed a death yak
  8548 | D:8      | Noticed a two-headed ogre
  8559 | D:8      | Killed a two-headed ogre
  8904 | D:8      | Killed a death yak
  8994 | D:8      | Found Opod's Antique Weapon Emporium.
  9016 | D:8      | Found an iron altar of Okawaru.
  9029 | D:8      | Became a worshipper of Warmaster Okawaru
  9255 | D:8      | Found a glowing golden altar of the Shining One.
  9258 | D:8      | Found a bloodstained altar of Trog.
  9261 | D:8      | Found a shimmering altar of Xom.
  9617 | D:9      | Found an ornate altar of the Wu Jian Council.
  9655 | D:9      | Reached skill level 1 in Invocations
  9655 | D:9      | Reached XP level 11. HP: 97/97 MP: 11/11
  9758 | D:9      | Found a stormy altar of Qazlal.
  9963 | D:9      | Found a sacrificial altar of Ru.
 10077 | D:10     | Entered Level 10 of the Dungeon
 10103 | D:10     | Gained mutation: You are resistant to hostile enchantments. (MR+) [mutagenic meat]
 10150 | D:10     | Noticed grippy's ghost (novice DrBe)
 10183 | D:10     | Killed grippy's ghost
 10183 | D:10     | Reached * piety under Okawaru
 10267 | D:10     | Found a staircase to the Orcish Mines.
 10613 | D:8      | Bought a runed eveningstar for 306 gold pieces
 10668 | D:11     | Found a labyrinth entrance.
 10700 | Lab      | Entered a labyrinth
 10755 | Lab      | Reached skill level 10 in Fighting
 10782 | Lab      | Reached ** piety under Okawaru
 10905 | Lab      | Noticed a minotaur
 10947 | Lab      | Killed a minotaur
 11241 | D:11     | Noticed pedritolo's ghost (journeyman DgAE)
 11257 | D:11     | Killed pedritolo's ghost
 11354 | D:11     | Reached *** piety under Okawaru
 11448 | D:11     | Reached skill level 10 in Shields
 11500 | D:11     | Noticed Lifeless's ghost (journeyman DsBe)
 11531 | D:11     | Killed Lifeless's ghost
 11531 | D:11     | Reached **** piety under Okawaru
 11805 | D:11     | Reached XP level 12. HP: 90/108 MP: 15/15
 11859 | D:11     | Reached skill level 10 in Maces & Flails
 11984 | D:12     | Reached skill level 5 in Invocations
 11991 | D:12     | Noticed a six-headed hydra
 12412 | D:12     | Killed a six-headed hydra
 12501 | D:12     | Reached ***** piety under Okawaru
 12634 | D:12     | Found Anarojum's Book Boutique.
 12739 | D:12     | Noticed a death knight
 12789 | D:12     | Killed a death knight
 13171 | D:12     | Received a gift from Okawaru
 13174 | D:12     | Got a pair of bloodstained gloves {god gift}
 13185 | D:12     | Identified the +0 pair of gloves "Qirorricac" {Int+3} (Okawaru gifted it to you on level 12 of the Dungeon)
 13371 | D:12     | Reached skill level 10 in Dodging
 13464 | D:13     | Noticed a death knight
 13476 | D:13     | Noticed Koga's ghost (journeyman FoFi)
 13492 | D:12     | Killed a death knight
 13676 | D:13     | Killed Koga's ghost
 13903 | D:13     | Noticed Nessos
 13968 | D:14     | Reached XP level 13. HP: 111/117 MP: 18/18
 14215 | D:14     | Found a gate to the Vaults.
 14610 | D:14     | Received a gift from Okawaru
 15089 | D:15     | Entered Level 15 of the Dungeon
 15331 | D:13     | Killed Nessos
 15340 | D:13     | Found a glowing golden altar of the Shining One.
 15345 | D:13     | Noticed Ratty's ghost (journeyman MiBe)
 15361 | D:13     | Killed Ratty's ghost
 15361 | D:13     | Reached ****** piety under Okawaru
 15777 | D:13     | Received a gift from Okawaru
 16231 | Lair:1   | Entered Level 1 of the Lair of Beasts
 16921 | Lair:2   | Found a staircase to the Snake Pit.
 16939 | Lair:2   | Received a gift from Okawaru
 17236 | Lair:2   | Reached XP level 14. HP: 126/127 MP: 20/20
 17863 | Lair:2   | Found a staircase to the Shoals.
 18794 | Lair:3   | Got a pair of faintly glowing gloves
 18805 | Lair:3   | Identified the -5 pair of gloves "Ruvi" {rC+} (You found it on level 3 of the Lair of Beasts)
 19764 | Lair:4   | Noticed Josephine
 19780 | Lair:4   | Killed Josephine
 20015 | Lair:4   | Received a gift from Okawaru
 20307 | Lair:4   | Reached skill level 10 in Invocations
 20872 | Lair:5   | Found a shimmering altar of Xom.
 21366 | Lair:6   | Entered Level 6 of the Lair of Beasts
 21396 | Lair:6   | Received a gift from Okawaru
 21400 | Lair:6   | Reached XP level 15. HP: 137/137 MP: 22/22
 21577 | Lair:6   | Found a staircase to the Slime Pits.
 22063 | Lair:6   | Found a glowing golden altar of the Shining One.
 22353 | Lair:6   | Received a gift from Okawaru
 22354 | Lair:6   | Got a pair of spiked boots {god gift}
 22377 | Lair:6   | Identified the +2 pair of boots "Eskoud" {rCorr Int+6 Dex-5} (Okawaru gifted it to you on level 6 of the Lair of Beasts)
 23122 | Orc:1    | Entered Level 1 of the Orcish Mines
 23926 | Orc:2    | Entered Level 2 of the Orcish Mines
 23926 | Orc:2    | Found a staircase to the Elven Halls.
 24094 | Orc:2    | Noticed Sonja
 24441 | Orc:2    | Noticed Sonja
 24441 | Orc:2    | Sonja changed into Sonja the warg
 24449 | Orc:2    | Killed Sonja the warg
 24964 | Orc:2    | Found Odasham's General Store.
 24964 | Orc:2    | Found Jiwuh's Gadget Shoppe.
 24966 | Orc:2    | Found Athaj's Food Boutique.
 24966 | Orc:2    | Found Kuwaogal's Armour Shoppe.
 24972 | Orc:2    | Bought a scroll of blinking for 90 gold pieces
 24979 | Orc:2    | Bought a +2 pair of gloves of archery for 279 gold pieces
 25416 | D:14     | Received a gift from Okawaru
 25417 | D:14     | Got a pair of crude gloves {god gift}
 25428 | D:14     | Identified the +0 pair of gloves of Nem Saur {rPois Int+4 Dex+4} (Okawaru gifted it to you on level 14 of the Dungeon)
 25503 | D:15     | Noticed Agnes
 25891 | D:15     | Reached XP level 16. HP: 147/147 MP: 24/24
 25911 | D:15     | Found a staircase to the Depths.
 26200 | D:15     | Killed Agnes
 26287 | D:15     | Learned a level 1 spell: Apportation
 26300 | D:15     | Learned a level 1 spell: Summon Butterflies
 26444 | D:15     | Reached skill level 15 in Fighting
 26522 | D:15     | Reached skill level 1 in Translocations
 26953 | Snake:1  | Entered Level 1 of the Snake Pit
 27701 | Snake:1  | Learned a level 2 spell: Swiftness
 27764 | Snake:1  | Found Rubysecy's Assorted Antiques.
 27764 | Snake:1  | Found Izach's Antique Armour Shop.
 27767 | Snake:1  | Found Itaothra's Food Boutique.
 27780 | Snake:1  | Bought a pair of distressingly furry boots for 304 gold pieces
 27790 | Snake:1  | Bought a scroll labeled AFIRCHYCV EPPE for 24 gold pieces
 27790 | Snake:1  | Bought a scroll labeled JIWKAT MU KEESOH for 24 gold pieces
 27794 | Snake:1  | Identified the cursed +0 pair of boots of Submission {rF- rCorr SInv} (You bought it in a shop on level 1 of the Snake Pit)
 28642 | Snake:2  | Received a gift from Okawaru
 28645 | Snake:2  | Got a twisted hat {god gift}
 28654 | Snake:2  | Identified the +2 hat of Biosuo {Dex+4} (Okawaru gifted it to you on level 2 of the Snake Pit)
 28707 | Snake:1  | Bought a pair of glowing gloves for 240 gold pieces
 28899 | Snake:2  | Reached skill level 1 in Summonings
 29405 | Snake:2  | Found an ancient bone altar of Kikubaaqudgha.
 29434 | Snake:2  | Found Okaepoy's Gadget Boutique.
 29878 | Snake:3  | Noticed Donald
 29894 | Snake:3  | Killed Donald
 30016 | Snake:3  | Noticed Roxanne
 30320 | Snake:3  | Got a flickering silver ring
 30322 | Snake:3  | Identified the ring "Wuty" {AC+3 Int+4 Stlth+} (You found it on level 3 of the Snake Pit)
 30349 | Snake:3  | Noticed Azrael
 30363 | Snake:3  | Killed Azrael
 30722 | Snake:4  | Entered Level 4 of the Snake Pit
 30734 | Snake:4  | Received a gift from Okawaru
 30764 | Snake:4  | Reached XP level 17. HP: 156/156 MP: 25/25
 31088 | Snake:4  | Noticed Klosterheim's ghost (adept DEWz)
 31228 | Snake:4  | Killed Klosterheim's ghost
 32036 | Snake:4  | Received a gift from Okawaru
 32051 | Snake:4  | Reached skill level 5 in Translocations
 32084 | Snake:4  | Reached skill level 15 in Shields
 32100 | Snake:4  | Mangled by a salamander

Vault maps used:
D:1:      eino_arrival_druids_welcome
D:2:      lemuel_upstairs_altar, minmay_tiny_reverse_x
D:3:      cheibrodos_thug_alley, lemuel_round_altar, corexii_corridor_pit
D:4:      old_standard_altar, kennysheep_crisscross, minmay_misc_feat_plants,
          uniq_duvessa, uniq_grinder
D:5:      nicolae_ossuary_entry_catacombs, first_bread, roderic_hopi_sauvastika,
          minmay_misc_feat_room
D:6:      kennysheep_orc_sif_temple
D:7:      temple_fountains, uniq_prince_ribbit1
D:8:      lemuel_round_altar, grunt_temple_overflow_diamond, dpeg_lair_monsters,
          serial_shops, nicolae_shop_temple_entry_statues_fountains
D:9:      overflow_temple_1_default, kennysheep_little_box, kennysheep_mini_moat
D:10:     orc_0_dummy
D:11:     lab_entry_generic
D:12:     serial_shops, shop, blue_anna_alchemist, minmay_nine_imps
D:13:     portal_ice_cave_entry_animals_and_master, tso_metal_star, uniq_nessos
D:14:     david_vaults_2
D:15:     grunt_enter_depths_magical_seal, wad_floor_pattern_untrapped,
          uniq_agnes
Temple:   dshaligram_water_room_temple
Lair:2:   elwin_shoals_entry_rooms, minmay_snake_entry_guardpost_small,
          disabler_island, grunt_megastairs_4
Lair:3:   roderic_carrion_pond, minmay_lair_oklob_chamber
Lair:4:   lemuel_fruit_tree, uniq_josephine
Lair:5:   kb_xom_exploding_sheep, serial_bayou_shore_b
Lair:6:   grunt_lair_end_beastmaster, slime_dummy, basic_altar,
          grunt_megastairs_3, serial_bayou_shore_a
Snake:1:  spider_trap, serial_bayou_shore_b, grunt_megastairs_2,
          minmay_shop_star
Snake:2:  basic_altar, special_room, serial_shops,
          nicolae_shop_temple_entry_statues_fountains, basic_loot_grate_trap,
          spider_trap
Snake:3:  uniq_roxanne, uniq_azrael, uniq_donald
Snake:4:  grunt_snake_rune_spirals
Orc:1:    special_room
Orc:2:    grunt_orc_tribal_feast, uniq_sonja
Lab:      labyrinth_spiral, nicolae_lab_starburst, nicolae_lab_do_over,
          nicolae_lab_flowing_pool, lab_block, nicolae_lab_swirl,
          nicolae_lab_big_swirl, nicolae_lab_diamond, nicolae_lab_grate_2,
          nicolae_lab_quarters, nicolae_lab_garden, nicolae_lab_hexagon,
          nicolae_lab_checkerboard, lab_fountain, nicolae_lab_t_cross
Ossuary:  ossuary_tomb_2

Skill      XL: |  1  2  3  4  5  6  7  8  9 10 11 12 13 14 15 16 17 |
---------------+----------------------------------------------------+-----
Dodging        | 3 4 5 7 8 9 10 11 12 13 | 13.7
Fighting       | 4 5 6 7 8 9 10 11 12 13 14 15 | 15.8
Maces & Flails | 3 4 5 6 7 9 10 11 12 13 14 | 14.7
Shields        | 4 5 6 7 9 10 11 12 13 14 15 | 15.0
Invocations    | 1 4 7 9 10 11 | 11.0
Translocations | 4 5 |  5.1
Summonings     | 2 3 |  3.9

Action                   |  1- 3 |  4- 6 |  7- 9 | 10-12 | 13-15 | 16-18 || total
-------------------------+-------+-------+-------+-------+-------+-------++-------
Melee: Flail             |   100 |    47 |       |       |       |       ||   147
       Tailslap          |     6 |    32 |    70 |   131 |   242 |   161 ||   642
       Dagger            |       |    71 |       |       |       |       ||    71
       Whip              |       |    19 |   376 |   331 |       |       ||   726
       Eveningstar       |       |       |       |   402 |  1294 |   656 ||  2352
Throw: Tomahawk          |       |     1 |     9 |    37 |    14 |     5 ||    66
Invok: Heroism           |       |       |       |     4 |     2 |     1 ||     7
 Abil: Breathe Dispellin |       |       |     6 |     2 |     5 |       ||    13
       Evoke Berserk Rag |       |       |       |     2 |     3 |       ||     5
Evoke: Wand              |       |       |       |     3 |     4 |     1 ||     8
  Use: Scroll            |       |       |       |    18 |     9 |     9 ||    36
       Potion            |       |       |       |     8 |     4 |     2 ||    14
 Stab: Sleeping          |     1 |     1 |     1 |       |     2 |     1 ||     6
       Invisible         |       |       |       |     7 |       |       ||     7
       Distracted        |       |       |       |     1 |       |     2 ||     3
       Petrified         |       |       |       |       |     3 |       ||     3
  Eat: Chunk             |     2 |     7 |    13 |    23 |    37 |     5 ||    87
       Royal jelly       |       |       |       |     4 |       |     1 ||     5
       Meat ration       |       |       |       |       |     1 |       ||     1
       Fruit             |       |       |       |       |     1 |       ||     1
       Bread ration      |       |       |       |       |       |     3 ||     3
Armor: Skin              |    28 |    33 |    49 |   121 |   228 |    93 ||   552
Dodge: Dodged            |    46 |    45 |   121 |   314 |   676 |   439 ||  1641
Block: Shield            |    48 |    61 |   142 |   365 |   800 |   582 ||  1998
